 Dungeon Crawl Stone Soup version 0.25-a0-843-g6944ee3 (webtiles) character file.

Game seed: 2360826782513336635, levelgen mode: deterministic

783 Illumine the Chiller (level 7, -2/39 HPs)
             Began as a Gargoyle Ice Elementalist on Apr 25, 2020.
             Was a Follower of Vehumet.
             Slain by a killer bee (7 damage)
             ... on level 7 of the Dungeon.
             The game lasted 00:17:20 (5705 turns).

Illumine the Chiller (Gargoyle Ice Elementalist)    Turns: 5705, Time: 00:17:21

Health: -2/39      AC: 12    Str: 11    XL:     7   Next: 86%
Magic:  12/14      EV: 12    Int: 18    God:    Vehumet [*.....]
Gold:   333        SH:  0    Dex: 10    Spells: 3/15 levels left

rFire    + . .     SeeInvis .   n - +0 hand axe (flame)
rCold    . . .     Gourm    .   (no shield)
rNeg     + . .     Faith    .   a - +0 robe
rPois    ∞         Spirit   .   h - +1 hat
rElec    +         Reflect  .   s - +0 cloak
rCorr    .         Harm     .   (no gloves)
MR       .....                  (no boots)
Stlth    ++........             q - amulet of magic regeneration
HPRegen  0.13/turn              p - +4 ring of protection
MPRegen  0.39/turn              I - ring of protection from fire

@: frozen ramparts
A: negative energy resistance 1, electricity resistance, unbreathing,
petrification resistance, rot immunity, AC +4
a: Renounce Religion


You were on level 7 of the Dungeon.
You worshipped Vehumet.
Vehumet was aware of your devotion.
You were not hungry.

You visited 2 branches of the dungeon, and saw 8 of its levels.

You collected 333 gold pieces.

Inventory:

Hand Weapons
 g - a +0 short sword of venom
 n - a +0 hand axe of flaming (weapon)
 y - a +0 dagger of venom
 A - a +0 dagger of draining
 D - a +3 flail of protection
Missiles
 d - 5 javelins (quivered)
 i - 12 boomerangs
 j - 8 atropa-tipped darts
Armour
 a - a +0 robe (worn)
 h - a +1 hat (worn)
 s - a +0 cloak (worn)
Jewellery
 p - a +4 ring of protection (left hand)
 q - an amulet of magic regeneration (around neck)
 C - an uncursed amulet of the acrobat {unknown}
 I - a ring of protection from fire (right hand)
Wands
 w - a wand of polymorph (6)
 B - a wand of flame (15)
Scrolls
 l - 2 scrolls of magic mapping
 o - a scroll of teleportation
 t - a scroll of amnesia
 E - a scroll of blinking {unknown}
 H - a scroll of vulnerability {unknown}
Potions
 b - a potion of berserk rage {unknown}
 e - a potion of flight {unknown}
 k - 6 potions of curing {unknown}
 m - a potion of resistance {unknown}
 r - 2 potions of brilliance {unknown}
 u - 2 potions of ambrosia {unknown}
 x - a potion of mutation {unknown}
 z - a potion of heal wounds {unknown}
 F - a potion of might {unknown}
 G - a potion of haste {unknown}
Comestibles
 c - 11 rations
 f - a chunk of flesh


   Skills:
 + Level 1.7 Fighting
 + Level 1.2 Maces & Flails
 + Level 1.4 Armour
 + Level 2.0 Dodging
 - Level 2.1 Stealth
 + Level 4.6 Spellcasting
 + Level 2.5 Conjurations
 - Level 2.0 Charms
 + Level 6.1 Ice Magic
 + Level 1.6 Earth Magic


You had 3 spell levels left.
You knew the following spells:

 Your Spells              Type           Power        Failure   Level  Hunger
a - Freeze                Ice            ####         1%          1    None
b - Frozen Ramparts       Ice            ####..       3%          3    ###....
c - Ozocubu's Armour      Chrm/Ice       ###.....     8%          3    ###....
d - Hailstorm             Conj/Ice       ###.....     22%         4    ####...
e - Sandblast             Erth           ##....       7%          1    None

Your spell library contained the following spells:

 Spells                   Type           Power        Failure   Level  Hunger
 Sting                    Tmut/Pois      #...         14%         1    None
 Poisonous Vapours        Pois/Air       #.....       21%         2    #......
 Mephitic Cloud           Conj/Pois/Air  #.......     28%         3    ###....
 Ignite Poison            Fire/Tmut/Pois #.......     38%         3    ###....
 Summon Ice Beast         Ice/Summ       ###.....     36%         4    ####...
 Olgreb's Toxic Radiance  Pois           #.......     80%         4    ####...


Dungeon Overview and Level Annotations

Branches:
Dungeon (7/15)             Temple (1/1) D:5

Altars:
Ashenzari
Cheibriados
Elyvilon
Hepliaklqana
Kikubaaqudgha
Makhleb
Nemelex Xobeh
Okawaru
Qazlal
Ru
Sif Muna
Trog
Vehumet
Wu Jian
Yredelemnul
Zin
The Shining One

Annotations:
D:3 1 runed translucent door, edsrzf's ghost, amateur DEEn
D:6 Grinder


Innate Abilities, Weirdness & Mutations

You are resistant to torment.
Your stone body is resilient. (AC +4)
You are immune to poison.
You resist negative energy. (rN+)
You are resistant to electric shocks. (rElec)
You can survive without breathing.
You are immune to petrification.
You are immune to rotting.


Message History

The wall freezes the killer bee.
The killer bee stings you but does no damage.
The wall freezes the killer bee.
The killer bee misses you. The killer bee stings you!
The killer bee stings you but does no damage.
The killer bee misses you.
The wall freezes the killer bee.
The killer bee closely misses you.
The wall freezes the killer bee.
The killer bee stings you. The killer bee misses you.
The killer bee stings you.
The wall freezes the killer bee. x2; The killer bee stings you!
* * * LOW HITPOINT WARNING * * *
The killer bee misses you. The killer bee barely misses you.
The wall freezes the killer bee.
The killer bee closely misses you.
The wall freezes the killer bee. x2
You kill the killer bee!
Vehumet accepts your kill.
You feel your power returning.
Your Dodging skill increases to level 2!
The killer bee stings you!
You die...

.../.......#
...........#
...........#
...........# #
...........#.#
.......<..y#.#
.........yy..#
.........y.###
..........@#
...........#
############


You could see 4 killer bees.

Vanquished Creatures
  A water moccasin skeleton (D:7)
  A killer bee (D:7)
  2 howler monkeys
  A bullfrog zombie (D:6)
  2 bullfrog skeletons (D:6)
  2 orc priests (D:4)
  A hound (D:7)
  2 jellies (D:5)
  An iguana (D:4)
  3 orc wizards
  A worker ant (D:4)
  A howler monkey zombie (D:6)
  10 adders
  An ooze (D:2)
  An adder zombie (D:5)
  2 worms
  4 dart slugs (D:1)
  5 leopard geckos
  27 orcs
  9 bats
  9 giant cockroaches
  4 goblins
  6 hobgoblins
  4 jackals (D:4)
  6 kobolds
  2 quokkas
  2 ball pythons
  9 frilled lizards
  A leopard gecko skeleton (D:6)
  A quokka skeleton (D:7)
  6 rats
127 creatures vanquished.

Vanquished Creatures (others)
  A hobgoblin (D:3)
1 creature vanquished.

Grand Total: 128 creatures vanquished

Notes
Turn   | Place    | Note
-------+----------+-------------------------------------------
     0 | D:1      | Illumine the Gargoyle Ice Elementalist began the quest for
                  | the Orb.
     0 | D:1      | Reached XP level 1. HP: 10/10 MP: 3/3
    32 | D:1      | Reached XP level 2. HP: 9/15 MP: 1/5
   400 | D:1      | Reached XP level 3. HP: 19/19 MP: 4/6
   424 | D:1      | Learned a level 3 spell: Frozen Ramparts
   428 | D:1      | Learned a level 3 spell: Ozocubu's Armour
  1019 | D:2      | Reached XP level 4. HP: 23/24 MP: 3/8
  1746 | D:2      | Reached skill level 5 in Ice Magic
  2015 | D:3      | Found a runed translucent door.
  2018 | D:3      | Noticed edsrzf's ghost (amateur DEEn)
  2337 | D:3      | Reached XP level 5. HP: 28/28 MP: 5/10
  2579 | D:3      | Reached skill level 1 in Charms
  2745 | D:3      | Found a glowing golden altar of the Shining One.
  2748 | D:3      | Found a basalt altar of Yredelemnul.
  2801 | D:4      | Found a glowing silver altar of Zin.
  2967 | D:5      | Entered Level 5 of the Dungeon
  3159 | D:5      | Found a sparkling altar of Nemelex Xobeh.
  3221 | D:5      | You fall into a shaft and drop 1 floor!
  3302 | D:5      | Found a staircase to the Ecumenical Temple.
  3316 | D:5      | Reached XP level 6. HP: 32/32 MP: 5/11
  3363 | Temple   | Entered the Ecumenical Temple
  3554 | Temple   | Became a worshipper of Vehumet
  3790 | D:5      | Learned a level 4 spell: Hailstorm
  3948 | D:5      | Reached skill level 1 in Conjurations
  4447 | D:4      | Reached XP level 7. HP: 17/36 MP: 6/13
  4726 | D:4      | Reached * piety under Vehumet
  4726 | D:4      | Offered knowledge of Sandblast by Vehumet.
  4729 | D:4      | Learned a level 1 spell: Sandblast
  4877 | D:4      | Reached skill level 6 in Ice Magic
  5070 | D:4      | Reached skill level 1 in Fighting
  5156 | D:6      | Noticed Grinder
  5282 | D:7      | Reached skill level 1 in Armour
  5282 | D:7      | Reached skill level 1 in Earth Magic
  5585 | D:6      | Reached skill level 1 in Maces & Flails
  5705 | D:7      | Slain by a killer bee

Levels and vault maps discovered:
D:1:      lordsloth_arrival_two_stooges, layout_basic
D:2:      kennysheep_big_flooded_room, layout_basic
D:3:      layout_basic, grunt_temple_overflow_holy_war,
          ebering_ghost_reflecting_pool
D:4:      layout_basic, old_standard_altar, first_ration
D:5:      layout_loops_cross, minmay_temple_entry_trees,
          nemelex_diamond_rough_becter
D:6:      layout_loops_ring, serial_undead, serial_undead_a, serial_undead_f,
          serial_undead_f, serial_undead_c, uniq_prince_ribbit1, uniq_eustachio,
          uniq_grinder
D:7:      layout_basic, xom_shifter_show, grunt_temple_overflow_cloverleaf
Temple:   eino_narrow_crystal_temple

Skill      XL: |  1  2  3  4  5  6  7 |
---------------+----------------------+-----
Spellcasting   | 3 4 |  4.6
Ice Magic      | 5 6 |  6.1
Charms         | 1 2 |  2.0
Conjurations   | 1 2 |  2.5
Fighting       | 1 |  1.7
Armour         | 1 |  1.4
Earth Magic    | 1 |  1.6
Maces & Flails | 1 |  1.2
Dodging        | 2 |  2.0
Stealth        | |  2.1

Action                   |  1- 3 |  4- 6 |  7- 9 || total
-------------------------+-------+-------+-------++-------
Melee: Unarmed           |    14 |       |       ||    14
       Whip              |    37 |    49 |       ||    86
       Dagger            |       |    10 |       ||    10
       Flail             |       |       |    48 ||    48
       Hand axe          |       |       |    10 ||    10
Throw: Javelin           |     7 |     1 |       ||     8
 Cast: Freeze            |    38 |    79 |    12 ||   129
       Frozen Ramparts   |       |     8 |     8 ||    16
  Use: Scroll            |       |     2 |     5 ||     7
 Stab: Sleeping          |     2 |     1 |       ||     3
  Eat: Chunk             |     1 |     7 |     5 ||    13
       Ration            |       |     1 |       ||     1
Armor: Robe              |    47 |    22 |    49 ||   118
Dodge: Dodged            |    61 |    70 |    68 ||   199

Table legend:
 A = Non-vault XP
 B = Vault XP
 C = Vault XP percentage of total XP
 D = Non-vault monster count
 E = Vault monster count
 F = Vault count percentage of total count
                 A         B        C        D         E       F
            +---------+---------+-------+---------+---------+-------
      Total |     969 |     150 |  13.4 |     120 |       7 |   5.5
            +---------+---------+-------+---------+---------+-------
        D:1 |      62 |       0 |   0.0 |      33 |       0 |   0.0
        D:2 |      71 |       8 |  10.1 |      15 |       2 |  11.8
        D:3 |      52 |       0 |   0.0 |      19 |       0 |   0.0
        D:4 |     341 |       0 |   0.0 |      29 |       0 |   0.0
        D:5 |     256 |       0 |   0.0 |      15 |       0 |   0.0
        D:6 |      15 |     142 |  90.4 |       5 |       5 |  50.0
        D:7 |     172 |       0 |   0.0 |       4 |       0 |   0.0
            +---------+---------+-------+---------+---------+-------
